 Dungeon Crawl Stone Soup version 0.20-a0-1017-gc3250ce (webtiles) character file.

4 Gorglomux the Charmwright (level 1, -2/16 HPs)
             Began as a Human Skald on Apr 16, 2017.
             Slain by a kobold
             ... wielding a +0 short sword
              (3 damage)
             ... on level 1 of the Dungeon.
             The game lasted 00:00:26 (148 turns).

Gorglomux the Charmwright (Human Skald)              Turns: 148, Time: 00:00:27

Health: -2/16      AC:  3    Str: 11    XL:     1   Next: 66%
Magic:  0/3        EV: 12    Int: 13    God:
Gold:   0          SH:  0    Dex: 12    Spells: 3/4 levels left

rFire    . . .     SeeInvis .   a - +0 hand axe
rCold    . . .     Gourm    .   (no shield)
rNeg     . . .     Faith    .   b - +0 leather armour
rPois    .         Spirit   .   (no helmet)
rElec    .         Reflect  .   (no cloak)
rCorr    .         Harm     .   (no gloves)
MR       .....                  (no boots)
Stlth    +.........             (no amulet)
Regen    0.1/turn               (no ring)
MPRegen  0.1/turn               (no ring)

@: infused
A: no striking features
a: no special abilities


You were on level 1 of the Dungeon.
You were not hungry.

You visited 1 branch of the dungeon, and saw 1 of its levels.

Inventory:

Hand Weapons
 a - a +0 hand axe (weapon)
Armour
 b - a +0 leather armour (worn)
Books
 c - a book of Battle
Comestibles
 d - a bread ration {@e1@e1}


   Skills:
 + Level 2.2 Fighting
 * Level 2.2 Axes
 - Level 1.0 Armour
 - Level 2.0 Dodging
 - Level 2.0 Spellcasting
 - Level 3.0 Charms


You had 3 spell levels left.
You knew the following spells:

 Your Spells              Type           Power        Failure   Level  Hunger
a - Infusion              Chrm           #...         12%         1    ##.....


Dungeon Overview and Level Annotations

Branches:
Dungeon (1/15)

Altars:


Message History

Welcome, Gorglomux the Human Skald.
The bosom of this dungeon contains the fabled artefact, the Orb of Zot.
Found a staircase leading out of the dungeon.
A kobold comes into view. It is wielding a short sword.
The kobold shouts!
A kobold is nearby!
A kobold is nearby!
A kobold is nearby!
A leopard gecko and a kobold come into view.
The kobold shouts!
A giant cockroach comes into view.
You closely miss the kobold. The kobold barely misses you.
The kobold hits you with a short sword.
You take 4 damage, and have 12/16 hp.
MASSIVE DAMAGE!!
Sorry, you're not good enough to have a special ability.
You miscast Infusion.
You are very lightly contaminated with residual magic.
Nothing appears to happen.
The kobold barely misses you.
You now have 2/3 mp.
The kobold hits you with a short sword.
You take 2 damage, and have 10/16 hp.
MP restored: 3 You begin infusing your attacks with magical energy.
The kobold hits you with a short sword.
You take 4 damage, and have 7/16 hp.
MASSIVE DAMAGE!!
You now have 2/3 mp.
You closely miss the giant cockroach. You barely miss the kobold.
The giant cockroach bites you but does no damage.
The giant cockroach barely misses you.
You hit the giant cockroach!
You kill the giant cockroach!
You hit the kobold.
You kill the kobold!
You barely miss the kobold. The kobold hits you but does no damage.
The leopard gecko barely misses you.
You now have 0/3 mp.
The kobold closely misses you. The leopard gecko bites you.
You see here a giant cockroach corpse.
You take 1 damage, and have 6/16 hp.
Unknown command.
You hit the leopard gecko.
You kill the leopard gecko!
You closely miss the kobold. The kobold hits you but does no damage.
Your magical contamination has completely faded away.
The kobold hits you with a short sword.
* * * LOW HITPOINT WARNING * * *
Things that are here:
a short sword; a kobold corpse You take 3 damage, and have 3/16 hp.
You hit the kobold. The kobold barely misses you.
The kobold hits you with a short sword.
* * * LOW HITPOINT WARNING * * *
You take 2 damage, and have 1/16 hp.
You barely miss the kobold. The kobold hits you with a short sword.
You die...

############# ####...†K......####
####......@..........#### #+#
##.......#########.......## #.#
##.....####.......####.....##
#.###....###.............###....#
........##.....#######.....##....
.......##....###...#.###....##...
.......#....##.....#...##....#...
..######...##...##.##...##...##..
..#........#...##...##...#....#..


You could see a kobold.

Vanquished Creatures
  A leopard gecko (D:1)
  A giant cockroach (D:1)
  A kobold (D:1)
3 creatures vanquished.

Notes
Turn   | Place    | Note
-------+----------+-------------------------------------------
     0 | D:1      | Gorglomux the Human Skald began the quest for the Orb.
     0 | D:1      | Reached XP level 1. HP: 16/16 MP: 3/3
   146 | D:1      | HP: 3/16 [kobold/short sword (3)]
   147 | D:1      | HP: 1/16 [kobold/short sword (2)]
   148 | D:1      | Slain by a kobold

Vault maps used:
D:1:      dpeg_arrival_circle_labyrinth_c, minmay_cut_off

Action                   || total
-------------------------++-------
Melee: Hand axe          ||     6
 Cast: Infusion          ||     1
Armor: Leather armour    ||     2
Dodge: Dodged            ||     6

Vault maps used:
D:1:      dpeg_arrival_circle_labyrinth_c, minmay_cut_off

Table legend:
 A = Turns spent in this place as a percentage of turns spent in the entire game.
 B = Non-inter-level travel turns spent in this place as a percentage of non-inter-level travel turns spent in the entire game.
 C = Inter-level travel turns spent in this place as a percentage of turns spent in this place.
 D = Turns resting spent in this place as a percentage of non-inter-level travel turns spent in this place.
 E = Turns spent auto-exploring this place as a percentage of non-inter-level travel turns spent in this place.
 F = Non-inter-level travel turns spent in this place divided by the number of levels of this place that you've seen.
                   A       B       C       D       E      F
               +-------+-------+-------+-------+-------+----------------------
         Total | 100.0 | 100.0 |   0.0 |   0.0 |   2.8 |  36.0
       Dungeon | 100.0 | 100.0 |   0.0 |   0.0 |   2.8 |  36.0
               +-------+-------+-------+-------+-------+----------------------

Table legend:
 A = Kills in this place as a percentage of kills in entire the game.
 B = Kills by you in this place as a percentage of kills by you in the entire game.
 C = Kills by friends in this place as a percentage of kills by friends in the entire game.
 D = Other kills in this place as a percentage of other kills in the entire game.
 E = Experience gained in this place as a percentage of experience gained in the entire game.
 F = Experience gained in this place divided by the number of levels of this place that you have seen.
                   A       B       C       D       E      F
               +-------+-------+-------+-------+-------+----------------------
         Total | 100.0 | 100.0 |  -nan |  -nan | 100.0 |   6.0
       Dungeon | 100.0 | 100.0 |  -nan |  -nan | 100.0 |   6.0
               +-------+-------+-------+-------+-------+----------------------
